 Dungeon Crawl Stone Soup version 0.30-a0-989-g0d87f670db (console) character file.

Game seed: 11379407811230961874

92691 petzl the Thaumaturge (level 16, 0/134 HPs)
             Began as a Formicid Delver on Apr 2, 2023.
             Was a High Priest of Vehumet.
             Slain by a freezing wraith (7 damage)
             ... on level 1 of the Elven Halls on Apr 4, 2023.
             The game lasted 04:59:25 (41940 turns).

petzl the Thaumaturge (Formicid Delver)            Turns: 41940, Time: 04:59:26

Health: 0/134      AC:  9    Str: 20    XL:     16   Next: 54%
Magic:  22/32      EV: 12    Int: 26    God:    Vehumet [*****.]
Gold:   480        SH:  6    Dex: 15    Spells: 4/39 levels left

rFire   . . .      SeeInvis +    b - +0 longbow (elec)
rCold   . . .      Faith    .    X - +0 buckler
rNeg    . . .      Spirit   .    E - +2 robe {Will+}
rPois   .          Reflect  .    (helmet unavailable)
rElec   .          Rampage  .    (no cloak)
rCorr   +                        c - +0 pair of gloves of Dogma {rCorr Str+3 Int+2}
Will    ++...                    (no boots)
Stlth   ++++                     (no amulet)
HPRegen 0.42/turn                Z - +6 ring of intelligence
MPRegen 0.23/turn                C - +4 ring of protection

@: no status effects
A: permanent stasis, dig shafts and tunnels, antennae 3, four strong arms,
robust 1, noise suppression
a: Dig, Shaft Self, Renounce Religion


You were on level 1 of the Elven Halls.
You worshipped Vehumet.
Vehumet was extremely pleased with you.
You visited 5 branches of the dungeon, and saw 24 of its levels.
You visited 1 bazaar.
You also visited: Ice Cave.

You collected 2181 gold pieces.
You spent 1701 gold pieces at shops.

Inventory:

Hand Weapons
 a - the +3 dagger of Vanity {heavy, Fly MP+9 Stlth+, !f =f}
   (You took it off an orc wizard on level 5 of the Dungeon)

   MP:        It affects your magic capacity (+9).
   Fly:       It grants you flight.
   Stlth:     It makes you more stealthy.
 b - a +0 longbow of electrocution (weapon)
 e - a +1 flail of protection
 f - the +6 hand axe of Trog's Favour {heavy, Dex+4, !f =f}
   (You bought it in a shop on level 2 of the Orcish Mines)

   Dex:       It affects your dexterity (+4).
 N - a +0 scimitar of flaming
 T - the +0 mace "Arbiter" {holy, Dex+6}
   (You found it on level 3 of the Lair of Beasts)

   Dex:       It affects your dexterity (+6).
 W - the +7 lajatang of Order {silver, rMut}
   (You acquired it on level 5 of the Lair of Beasts)

   rMut:      It protects you from mutation.
Missiles
 l - 13 poisoned darts
 H - 7 javelins
 I - a throwing net
Armour
 c - the +0 pair of gloves of Dogma (worn) {rCorr Str+3 Int+2}
   (You bought it in a shop on level 2 of the Orcish Mines)

   Str:       It affects your strength (+3).
   Int:       It affects your intelligence (+2).
   rCorr:     It protects you from acid and corrosion.
 h - a +2 robe of resistance
 E - a +2 robe of willpower (worn)
 O - a +4 ring mail
 X - a +0 buckler (worn)
Jewellery
 y - a ring of protection from fire
 B - a ring of resist corrosion
 C - a +4 ring of protection (right hand)
 Z - a +6 ring of intelligence (left hand)
Wands
 k - a wand of flame (10)
 v - a wand of roots (5)
 A - a wand of mindburst (7)
 F - a wand of polymorph (7)
 U - a wand of digging (5)
Scrolls
 m - 4 scrolls of fog
 p - 2 scrolls of poison
 s - 3 scrolls of identify
 w - 5 scrolls of amnesia
 D - a scroll of magic mapping
 L - 2 scrolls of fear
Potions
 d - a potion of magic
 i - a potion of flight
 j - 6 potions of brilliance
 G - 2 potions of ambrosia
 K - 4 potions of resistance
 Q - 2 potions of cancellation
 S - a potion of invisibility


   Skills:
 + Level 10.0 Fighting
 - Level 2.0 Maces & Flails
 - Level 5.0 Ranged Weapons
 + Level 1.0 Armour
 + Level 2.1 Dodging
 - Level 9.0 Stealth
 + Level 6.9 Shields
 + Level 12.4 Spellcasting
 + Level 10.7 Conjurations
 + Level 5.9 Necromancy
 + Level 11.9 Translocations
 - Level 3.0 Transmutations
 * Level 5.2 Fire Magic
 - Level 4.3 Ice Magic
 + Level 6.3 Air Magic
 - Level 6.0 Earth Magic
 - Level 7.0 Poison Magic
 - Level 3.0 Evocations


You had 4 spell levels left.
You knew the following spells:

 Your Spells              Type           Power      Damage    Failure   Level
a - Kiss of Death         Conj/Necr      100%       2d13      1%          1
b - Stone Arrow           Conj/Erth      100%       3d13      1%          3
c - Scorch                Fire           86%        2d9       1%          2
d - Poisonous Vapours     Pois/Air       100%       N/A       1%          2
l - Freezing Cloud        Conj/Ice/Air   26%        6-21      1%          5
m - Mephitic Cloud        Conj/Pois/Air  55%        N/A       1%          3
p - Passage of Golubria   Tloc           68%        N/A       1%          4
u - Sublimation of Blood  Necr           46%        N/A       1%          2
C - Conjure Ball Lightni  Conj/Air       28%        3x3d8     5%          6
I - Ignite Poison         Fire/Tmut/Pois 42%        N/A       1%          3
T - Olgreb's Toxic Radia  Pois           51%        N/A       1%          4

Your spell library contained the following spells:

 Spells                   Type           Power      Damage    Failure   Level
 Arcjolt                  Conj/Air       28%        1d38      1%          5
 Sting                    Tmut/Pois      100%       1d8       1%          1
 Cigotuvi's Dreadful Rot  Necr/Pois/Air  98%        N/A       1%          2
 Lesser Beckoning         Tloc           100%       N/A       1%          2
 Momentum Strike          Conj/Tloc      100%       3d10      1%          2
 Wereblood                Tmut           31%        N/A       1%          2
 Kindle Blastsparks       Fire/Tloc/Air  100%       2d18      1%          3
 Animate Dead             Necr           46%        N/A       3%          4
 Dispel Undead            Necr           46%        3d18      3%          4
 Summon Small Mammal      Summ           64%        N/A       4%          1
 Call Canine Familiar     Summ           16%        N/A       13%         3
 Confusing Touch          Hex            16%        N/A       13%         3
 Summon Guardian Golem    Hex/Summ       16%        N/A       13%         3
 Tukima's Dance           Hex            16%        N/A       13%         3
 Borgnjor's Vile Clutch   Necr/Erth      23%        N/A       11%         5
 Yara's Violent Unravell  Hex/Tmut       11%        3d6       17%         5
 Death Channel            Necr           23%        N/A       50%         6
 Summon Hydra             Summ           8%         N/A       100%        7
 Blink                    Tloc           Unusable   N/A       N/A         2

Dungeon Overview and Level Annotations

Branches:
Dungeon (15/15)            Temple (1/1) D:5            Lair (5/5) D:9
  Swamp (0/4) Lair:2       Spider (0/4) Lair:3        Slime (0/5) Lair:5
    Orc (2/2) D:10            Elf (1/3) Orc:2         IceCv (visited)
 Vaults: D:13-14     Depths: D:15

Altars:
Ashenzari
Cheibriados
Dithmenos
Elyvilon
Fedhas
Gozag
Hepliaklqana
Kikubaaqudgha
Makhleb
Nemelex Xobeh
Okawaru
Qazlal
Ru
Sif Muna
Trog
Uskayaw
Vehumet
Wu Jian
Xom
Yredelemnul
Zin
The Shining One
Jiyva

Shops:
D:3 :*?   D:7 :   D:10 [(   D:12 [   Orc:2 =:(*[

Portals:
Trove: D:11 (give +3 gold dragon scales)

Annotations:
D:3 Robin
D:8 exclusion: downstairs
D:9 exclusion: downstairs
D:12 exclusion: downstairs
D:13 2 transporters, exclusions: sensed monster (detected) and 1 more exclusion, Bevautsi's ghost, journeyman DjCj
D:14 exclusions: centaur warrior and 2 downstairs
D:15 Agnes
Lair:1 exclusion: downstairs


Innate Abilities, Weirdness & Mutations

You cannot be hasted, slowed, berserked, paralysed or teleported.
You can dig through walls and to a lower floor.
You have a pair of large antennae on your head. (SInv)
Your four strong arms can wield two-handed weapons with a shield.
You are robust. (+10% HP)
You passively dampen the noise of your surroundings.


Message History

* * * LOW HITPOINT WARNING * * *
The freezing wraith hits you!
* * * LOW HITPOINT WARNING * * *
Welcome back to the Elven Halls!
There is a collapsed entrance here.
You feel better. You block the freezing wraith's attack.
The freezing wraith misses you.
You feel better. The freezing wraith hits you!
* * * LOW HITPOINT WARNING * * *
The freezing wraith freezes you!
* * * LOW HITPOINT WARNING * * *
The freezing wraith hits you but does no damage.
Okay, then.
Unknown command.
Unknown command.
Unknown command.
Okay, then.
Unknown command.
Okay, then.
Unknown command.
Okay, then.
Press: ? - help, v - describe, . - travel
Here: a freezing wraith (heavily damaged)
The floor.
Unknown command.
Unknown command.
You feel better. The freezing wraith barely misses you.
The freezing wraith hits you!
* * * LOW HITPOINT WARNING * * *
The freezing wraith drains your vigour!
Your stasis prevents you from being slowed.
Okay, then.
Unknown command.
Unknown command.
Casting: Scorch (safe; 1% risk of failure)
Confirm with . or Enter, or press ? or * to list all spells.
Aiming: Passage of Golubria (safe; 1% risk of failure)
Press: ? - help, Dir - move target The freezing wraith hits you!
You die...

,** **,,** **,,,,,,,,,,,,*
,,** *,,* **,,*,,,,,,,,,**
,,,***,,***,,,,,,,,,,,,**
,*,,,,,,,,,,*,,**,,,,,**
,*,,,^,,,,,,*,,***,,,**
,,,***,,***,,,****,*,**
,,** *,,* **,,***,***,**
,** **,,** **,**,** **,*
,****,,,,****,***,***,,*
,,**,,**,,**,,* **,*,,,*
,,,,,,,,,,,,,,***,,,,,,**
,,,+,,,,,,,,,+,,,,,,,,,,**
****,,,,,,,,,****,,,,,,,,**
* **,,,,,,,** *,,,,,,,,,* *
**,,,,,** ****,,,,,** **
**,,,** ######**,,,** ,**
*#+** ##....##*,,** ,,*
#.####....W.#*,** ,**
#.#^.'....@^#*,*
**######.#.##......#*,* *
#........###....##*** *
#.##.....#.######
**#.###.....#*** ***
,,.......#..#*,* *,*
**#.###.....##.# *,* *
*,*##........# *,*
*#####......#### *,*
##...#.#.##.#*****,*
#..♣.<##.#....,,,,,*
#[...###.#.####*,*** .#####
#.#$# *,* ***,***#.#.#**
*,* *,,,,,,.....,* *,*
,,*,****.#.#.***,****
***,***,,,,*,,,,,,,,* *
*,**,,,,,*****,**,*
***,***,,,,,,,,,,**,*


You could see a freezing wraith.

Vanquished Creatures
  An orc warlord (Orc:2)
  A blizzard demon (IceCv)
  Josephine (Orc:2)
  Fannar (D:12)
  6 hydras
  3 catoblepae (Lair:5)
  2 centaur warriors (D:13)
  Erica (D:9)
  2 boulder beetles
  4 two-headed ogres
  19 death yaks
  4 orc high priests (Orc:2)
  2 skysharks
  2 bog bodies
  A deep elf zephyrmancer (Elf:1)
  9 spriggan simulacra (IceCv)
  4 orc knights
  4 orc sorcerers
  2 deep elf pyromancers
  2 cyclopes
  6 manticores
  4 black mambas
  An ice statue (Elf:1)
  17 elephants
  9 cane toads
  3 torpor snails
  2 rime drakes (Lair:3)
  2 unseen horrors
  Maggie (D:6)
  6 komodo dragons
  2 freezing wraiths (IceCv)
  An unseen horror (shapeshifter) (D:13)
  2 anaconda simulacra (IceCv)
  7 ice devils (IceCv)
  4 polar bears
  3 trolls
  Prince Ribbit (D:6)
  6 dream sheep
  14 blink frogs
  14 slime creatures
  A dire elephant simulacrum (IceCv)
  69 yaks
  5 wraiths
  7 wyverns
  Eustachio (D:5)
  A human (D:4)
  6 basilisks
  A redback (Lair:3)
  4 minotaur simulacra (IceCv)
  Edmund (D:4)
  9 vampire mosquitoes
  Menkaure (D:4)
  4 swamp worms (Lair:2)
  3 acid dragons
  9 water moccasins
  33 orc warriors
  3 alligator simulacra (IceCv)
  7 ogres
  15 centaurs
  18 wolves
  Blork the orc (D:4)
  10 bullfrogs
  8 deep troll simulacra (IceCv)
  5 scorpions
  8 wights (D:7)
  11 killer bees
  3 lindwurm simulacra (IceCv)
  2 howler monkeys
  2 electric eels
  2 hounds
  7 jellies
  2 gnoll boudas
  22 orc priests
  Jessica (D:2)
  A human skeleton (D:4)
  2 iguanas
  Natasha (thrice) (D:4)
  33 orc wizards
  12 adders
  12 gnolls
  2 shadow imps
  2 white imps
  An ufetubus (D:7)
  4 worms
  5 dart slugs
  72 orcs
  3 ball pythons
  18 endoplasms
  5 giant cockroaches
  6 goblins
  9 hobgoblins
  3 quokkas
  5 bats
  3 frilled lizards
  A goblin zombie (D:4)
  9 kobolds
  9 rats
  A bush (D:10)
  2 butterflies (D:2)
681 creatures vanquished.

Vanquished Creatures (collateral kills)
  A wight (D:7)
1 creature vanquished.

Vanquished Creatures (others)
  A ball lightning (IceCv)
  46 fungi
  44 plants
91 creatures vanquished.

Grand Total: 773 creatures vanquished

Notes
Turn   | Place    | Note
-------+----------+-------------------------------------------
     0 | D:5      | petzl the Formicid Delver began the quest for the Orb.
     0 | D:5      | Reached XP level 1. HP: 18/18 MP: 1/1
    94 | D:5      | Reached skill level 1 in Spellcasting
    94 | D:5      | Reached XP level 2. HP: 13/24 MP: 1/4
   149 | D:5      | Found an ornate altar of the Wu Jian Council.
   173 | D:5      | Reached skill level 2 in Spellcasting
   215 | D:5      | Noticed an ogre
   222 | D:4      | Noticed a scorpion
   240 | D:3      | Reached XP level 3. HP: 22/27 MP: 7/7
   266 | D:3      | Reached skill level 3 in Spellcasting
   505 | D:2      | Reached XP level 4. HP: 32/34 MP: 8/8
   539 | D:2      | Identified the +5 dagger of the Howling One {freeze, rF+
                  | Str+3}
   853 | D:1      | Found a faded altar of an unknown god.
   886 | D:1      | Learned a level 1 spell: Kiss of Death
  1750 | D:1      | Found a blossoming altar of Fedhas.
  1834 | D:1      | Reached skill level 1 in Evocations
  1834 | D:1      | Reached XP level 5. HP: 27/41 MP: 10/10
  1940 | D:2      | Noticed Jessica
  1945 | D:2      | Killed Jessica
  1946 | D:2      | Reached skill level 1 in Ranged Weapons
  1961 | D:2      | Reached skill level 1 in Conjurations
  2441 | D:3      | Found Yneolera's Magic Scroll Shop.
  2445 | D:3      | Bought a scroll of identify for 20 gold pieces
  2445 | D:3      | Bought a scroll of identify for 20 gold pieces
  2445 | D:3      | Bought a scroll of fear for 40 gold pieces
  2475 | D:3      | Noticed Robin
  2507 | D:3      | You fall into a shaft and drop 2 floors!
  2507 | D:5      | Found a bloodstained altar of Trog.
  2739 | D:4      | Noticed Natasha
  2746 | D:4      | Killed Natasha
  2747 | D:4      | Reached skill level 4 in Spellcasting
  2747 | D:4      | Reached XP level 6. HP: 42/47 MP: 10/12
  2798 | D:4      | Noticed Blork the orc
  2823 | D:4      | You fall into a shaft and drop 3 floors!
  2965 | D:6      | Noticed Maggie
  3154 | D:6      | Reached XP level 7. HP: 24/52 MP: 13/13
  3391 | D:3      | Found Yqiamyte's General Store.
  3477 | D:3      | Found Hirph's Book Boutique.
  3927 | D:3      | Found a hazy altar of Hepliaklqana.
  4273 | D:4      | Noticed Menkaure
  4535 | D:4      | Found a glowing silver altar of Zin.
  4535 | D:4      | Noticed Edmund
  4560 | D:4      | Found an opulent altar of Gozag.
  4664 | D:5      | Noticed Eustachio
  4918 | D:4      | Noticed Natasha
  4926 | D:4      | Killed Natasha
  4954 | D:4      | Reached skill level 5 in Spellcasting
  4975 | D:4      | Noticed Natasha
  4983 | D:4      | Killed Natasha
  5022 | D:4      | Found a runed translucent door.
  5022 | D:4      | Noticed a human
  5024 | D:4      | Found a basalt altar of Yredelemnul.
  5031 | D:4      | Identified the +0 robe of Masochism {rN+ Will- SInv}
  5048 | D:4      | Killed a human
  5049 | D:4      | Reached XP level 8. HP: 37/58 MP: 15/15
  5163 | D:4      | Found an iron altar of Okawaru.
  5348 | D:6      | Killed Maggie
  5514 | D:5      | Found a staircase to the Ecumenical Temple.
  5531 | Temple   | Entered the Ecumenical Temple
  5578 | Temple   | Became a worshipper of Vehumet
  5632 | D:5      | Reached skill level 6 in Spellcasting
  5654 | D:5      | You fall into a shaft and drop 2 floors!
  5882 | D:7      | Found Rusufer's Self-Improvement Boutique.
  5996 | D:7      | You fall into a shaft and drop 1 floor!
  6535 | D:8      | Found a sparkling altar of Nemelex Xobeh.
  6546 | D:8      | Reached skill level 5 in Ranged Weapons
  6548 | D:8      | Found a hide-covered altar of Uskayaw.
  6708 | D:8      | You fall into a shaft and drop 2 floors!
  6708 | D:10     | Entered Level 10 of the Dungeon
  6834 | D:9      | Found a burning altar of Makhleb.
  6848 | D:10     | Found a broken altar of Ashenzari.
  6853 | D:9      | Noticed a wyvern
  6876 | D:9      | Noticed a basilisk
  6880 | D:9      | Found a staircase to the Lair.
  6880 | D:9      | Noticed a basilisk
  6881 | D:9      | Noticed a yak
  6911 | D:8      | Reached XP level 9. HP: 25/64 MP: 18/18
  7245 | D:7      | Reached skill level 5 in Conjurations
  7883 | D:5      | Identified the +3 dagger of Vanity {heavy, Fly MP+9 Stlth+}
  7891 | D:5      | Reached skill level 7 in Spellcasting
  7997 | D:5      | Killed Eustachio
  8577 | D:6      | Found a shadowy altar of Dithmenos.
  8578 | D:6      | Noticed Prince Ribbit
  9080 | D:7      | Reached skill level 8 in Spellcasting
  9448 | D:7      | You fall into a shaft and drop 2 floors!
  9630 | D:9      | Reached * piety under Vehumet
  9630 | D:9      | Offered knowledge of Sandblast by Vehumet.
  9681 | D:9      | Noticed an unseen horror
  9685 | D:9      | You fall into a shaft and drop 3 floors!
  9695 | D:12     | Learned a level 4 spell: Passage of Golubria
  9734 | D:12     | Found a flickering gateway to a bazaar.
  9734 | D:12     | Noticed a troll
  9784 | Bazaar   | Entered a bazaar
  9786 | Bazaar   | Found Hankenta's Book Shoppe.
  9801 | Bazaar   | Found Tyets's Armour Shoppe.
  9807 | Bazaar   | Found Myukkost's Assorted Antiques.
  9817 | Bazaar   | Found Logaila's Assorted Antiques.
  9821 | Bazaar   | Found Goighi's General Store.
  9864 | Bazaar   | Bought a Young Poisoner's Handbook for 320 gold pieces
  9869 | Bazaar   | Learned a level 4 spell: Olgreb's Toxic Radiance
  9872 | Bazaar   | Learned a level 2 spell: Poisonous Vapours
  9901 | Bazaar   | Bought a scroll of identify for 22 gold pieces
  9909 | Bazaar   | Gained mutation: You passively dampen the noise of your
                  | surroundings. [potion of mutation]
  9909 | Bazaar   | Gained mutation: You are robust. (+10% HP) [potion of
                  | mutation]
  9962 | D:12     | Killed a troll
  9963 | D:12     | Reached XP level 10. HP: 76/77 MP: 13/22
 10123 | D:12     | Found Lyoc's Antique Armour Boutique.
 10146 | D:12     | Noticed a two-headed ogre
 10466 | D:11     | Found a portal to a secret trove of treasure.
 10527 | D:11     | You fall into a shaft and drop 3 floors!
 10709 | D:14     | Found a hide-covered altar of Uskayaw.
 10835 | D:14     | Noticed a manticore
 10893 | D:15     | Entered Level 15 of the Dungeon
 10893 | D:15     | Noticed Agnes
 10893 | D:15     | Noticed a cyclops
 10893 | D:15     | Noticed an orc knight
 11065 | D:14     | You fall into a shaft and drop 1 floor!
 11323 | D:15     | Noticed a deep elf pyromancer
 11425 | D:13     | Noticed a skeletal warrior
 11435 | D:12     | Noticed Fannar
 11490 | D:12     | Found a snail-covered altar of Cheibriados.
 11535 | D:12     | Noticed a manticore
 11538 | D:12     | You fall into a shaft and drop 2 floors!
 11686 | D:15     | Noticed a freezing wraith
 11686 | D:15     | Noticed a phantasmal warrior
 11761 | D:14     | Killed a manticore
 11762 | D:14     | Reached skill level 1 in Air Magic
 11762 | D:14     | Reached skill level 5 in Poison Magic
 11859 | D:14     | Noticed a centaur warrior
 11940 | D:14     | Noticed a centaur warrior
 11948 | D:13     | Noticed a deep elf pyromancer
 11953 | D:13     | Killed a deep elf pyromancer
 12041 | D:13     | Noticed an unseen horror
 12051 | D:13     | Killed an unseen horror
 12175 | D:12     | Killed Fannar
 12176 | D:12     | Reached skill level 1 in Translocations
 12340 | D:12     | Killed a manticore
 12807 | D:11     | Reached XP level 11. HP: 84/84 MP: 6/23
 13038 | D:11     | Noticed a boulder beetle
 13125 | D:12     | Noticed a cyclops
 13204 | D:12     | Killed a two-headed ogre
 13532 | D:11     | Noticed a two-headed ogre
 13620 | D:10     | Noticed a two-headed ogre
 13653 | D:10     | Killed a two-headed ogre
 13654 | D:10     | Reached skill level 9 in Spellcasting
 13853 | D:9      | Reached skill level 5 in Fighting
 14036 | D:9      | Noticed Erica
 14894 | D:8      | Noticed a manticore
 14914 | D:8      | Found an ancient bone altar of Kikubaaqudgha.
 14944 | D:8      | Killed a manticore
 15326 | D:8      | Reached skill level 5 in Translocations
 16207 | D:6      | Killed Prince Ribbit
 16613 | D:6      | Reached ** piety under Vehumet
 16651 | D:6      | Offered knowledge of Scorch by Vehumet.
 16852 | D:4      | Killed Menkaure
 17043 | D:4      | Found a white marble altar of Elyvilon.
 17157 | D:4      | Killed Edmund
 17275 | D:4      | Killed Blork the orc
 17396 | D:3      | Bought a scroll of fear for 40 gold pieces
 17890 | D:9      | Noticed a balrug
 18154 | D:9      | Killed Erica
 18155 | D:9      | Reached XP level 12. HP: 55/91 MP: 5/25
 18505 | Lair:1   | Entered Level 1 of the Lair of Beasts
 18611 | Lair:1   | Learned a level 2 spell: Scorch
 18641 | Lair:1   | Noticed a death yak
 18709 | Lair:1   | You are sucked into a shaft and drop 1 floor!
 18875 | Lair:2   | Noticed a four-headed hydra
 19272 | Lair:2   | Noticed a death yak
 19279 | Lair:2   | Identified the +7 dagger "Boec" {flame, Fly}
 19578 | Lair:1   | Killed a death yak
 19583 | Lair:1   | You are sucked into a shaft and drop 1 floor!
 19644 | Lair:1   | You fall into a shaft and drop 1 floor!
 19774 | Lair:2   | Noticed a five-headed hydra
 19966 | Lair:1   | Offered knowledge of Stone Arrow by Vehumet.
 19972 | Lair:1   | Learned a level 3 spell: Stone Arrow
 20138 | Lair:1   | Noticed a death yak
 20206 | Lair:1   | Killed a death yak
 21099 | Lair:1   | Reached *** piety under Vehumet
 21712 | Lair:2   | Learned a level 2 spell: Sublimation of Blood
 21933 | Lair:3   | Reached skill level 5 in Earth Magic
 22061 | Lair:4   | Noticed a four-headed hydra
 22283 | Lair:3   | Reached XP level 13. HP: 99/102 MP: 9/26
 22586 | Lair:3   | Found the +10 tower shield of Ignorance {rN+ Int-4}
 22843 | Lair:3   | Identified the +0 mace "Arbiter" {holy, Dex+6}
 23208 | Lair:3   | Reached skill level 10 in Spellcasting
 23456 | Lair:3   | Found a hole to the Spider Nest.
 23901 | Lair:2   | You fall into a shaft and drop 2 floors!
 23928 | Lair:4   | Reached skill level 10 in Translocations
 24105 | Lair:5   | Entered Level 5 of the Lair of Beasts
 24120 | Lair:5   | Offered knowledge of Mephitic Cloud by Vehumet.
 25137 | Lair:5   | Learned a level 3 spell: Mephitic Cloud
 25187 | Lair:5   | Reached **** piety under Vehumet
 25381 | Lair:5   | Identified a scroll of acquirement
 25382 | Lair:5   | Acquired the +7 lajatang of Order {silver, rMut}
 25382 | Lair:5   | Found the +7 lajatang of Order {silver, rMut}
 25542 | Lair:5   | Offered knowledge of Fulminant Prism by Vehumet.
 25646 | Lair:5   | Reached skill level 5 in Air Magic
 25699 | Lair:5   | Reached XP level 14. HP: 101/110 MP: 20/28
 26266 | Lair:5   | Reached skill level 1 in Fire Magic
 26564 | Lair:5   | Reached skill level 11 in Spellcasting
 27295 | Lair:5   | Found an opulent altar of Gozag.
 27302 | Lair:5   | Found a viscous altar of Jiyva.
 27303 | Lair:5   | Found a staircase to the Slime Pits.
 29964 | D:3      | Bought a Trismegistus Codex for 364 gold pieces
 29968 | D:3      | Learned a level 3 spell: Ignite Poison
 29974 | D:3      | Learned a level 5 spell: Freezing Cloud
 30669 | Lair:2   | Reached skill level 1 in Necromancy
 31088 | Lair:2   | Found a staircase to the Swamp.
 31254 | Lair:4   | Reached XP level 15. HP: 113/123 MP: 20/30
 31598 | Lair:5   | Reached skill level 1 in Shields
 31598 | Lair:5   | Reached skill level 12 in Spellcasting
 31859 | Lair:5   | Reached skill level 10 in Conjurations
 32042 | Lair:5   | Reached ***** piety under Vehumet
 32043 | Lair:5   | Offered knowledge of Iskenderun's Battlesphere by Vehumet.
 32754 | Lair:5   | Identified the +5 chain mail of Painted Amelioration {rElec
                  | Will+ Int+4 Slay+3 Stlth-}
 33436 | D:10     | Found Jenam's Armour Shoppe.
 33440 | D:10     | Found a staircase to the Orcish Mines.
 33442 | D:10     | Found Ylofiqoz's Weapon Shoppe.
 33454 | D:10     | Reached skill level 1 in Ice Magic
 34197 | D:11     | Reached skill level 1 in Transmutations
 36103 | D:13     | Reached skill level 5 in Shields
 36109 | D:13     | Offered knowledge of Conjure Ball Lightning by Vehumet.
 36234 | D:13     | Found a transporter.
 36247 | D:13     | Found a transporter.
 36269 | D:13     | Found a bloodstained altar of Trog.
 36277 | D:13     | Noticed Bevautsi's ghost (journeyman DjCj)
 36350 | D:12     | Learned a level 6 spell: Conjure Ball Lightning
 36577 | Orc:1    | Entered Level 1 of the Orcish Mines
 37105 | Orc:2    | Entered Level 2 of the Orcish Mines
 37148 | Orc:2    | Found Xaikuzis's Jewellery Boutique.
 37612 | Orc:2    | Found a staircase to the Elven Halls.
 38023 | Orc:2    | Noticed an orc warlord
 38037 | Orc:2    | Killed an orc warlord
 38107 | Orc:2    | Reached XP level 16. HP: 121/134 MP: 1/32
 38546 | Orc:2    | Reached skill level 5 in Necromancy
 38588 | Orc:2    | Reached skill level 10 in Fighting
 39045 | Orc:2    | Noticed Josephine
 39077 | Orc:2    | Killed Josephine
 39362 | Orc:2    | Found Kator's General Store.
 39363 | Orc:2    | Found Onwiezis's Book Emporium.
 39364 | Orc:2    | Found Roow's Antique Armour Shoppe.
 39364 | Orc:2    | Found Fuafui's Antique Weapon Shoppe.
 39380 | Orc:2    | Bought a potion of heal wounds for 60 gold pieces
 39388 | Orc:2    | Bought a pair of faintly glowing gloves for 237 gold pieces
 39388 | Orc:2    | Identified the +0 pair of gloves of Dogma {rCorr Str+3
                  | Int+2} (You bought it in a shop on level 2 of the Orcish
                  | Mines)
 39400 | Orc:2    | Bought a scorched morningstar for 306 gold pieces
 39400 | Orc:2    | Identified the +0 morningstar of Income {vamp, Drain Int+2
                  | Dex+2} (You bought it in a shop on level 2 of the Orcish
                  | Mines)
 39415 | Orc:2    | Reached skill level 5 in Fire Magic
 39753 | Orc:2    | Bought a crystal hand axe for 272 gold pieces
 39753 | Orc:2    | Identified the +6 hand axe of Trog's Favour {heavy, Dex+4}
                  | (You bought it in a shop on level 2 of the Orcish Mines)
 39852 | Elf:1    | Entered Level 1 of the Elven Halls
 40068 | Elf:1    | Found a frozen archway.
 40231 | IceCv    | Entered an ice cave
 40831 | IceCv    | Offered knowledge of Arcjolt by Vehumet.
 41922 | IceCv    | Reached skill level 1 in Armour
 41939 | Elf:1    | HP: 6/134 [freezing wraith (11)]
 41940 | Elf:1    | Slain by a freezing wraith

Illustrated notes

Levels and vault maps discovered:
D:1:      dpeg_arrival_water_altar, layout_loops_ring,
          hellmonk_ecumenical_altar_crossroads, serial_co_window_serial,
          co_window_paths_a, co_window_paths_b, co_window_paths_a,
          co_window_paths_b, co_window_paths_a, co_window_2corner,
          co_window_corner_b, co_window_unsneaky_path_c, glass_columns_a,
          glass_columns_b, glass_columns_a
D:2:      layout_rooms, serial_aquarium, aquarium_bridge_long_separate
          [aquarium_subvault_bridge, aquarium_subvault_wall,
          aquarium_subvault_bridge, aquarium_subvault_wall,
          aquarium_subvault_bridge, aquarium_subvault_window],
          aquarium_window_3, aquarium_window_fake, aquarium_view_2f,
          aquarium_view_2g, corexii_corridor_pit, minmay_hexomino_c4,
          uniq_jessica
D:3:      layout_basic, nicolae_hepliaklqana_hippocampus, serial_shops, shop,
          nicolae_shop_waterfront, shop, serial_bayou_pond_a, uniq_robin
D:4:      layout_loops_ring, dk_yredelemnul_ordeal,
          mainiacjoe_overflow_brackets, nicolae_elyvilon_temple_path,
          lemuel_coloured_pillars_altar, okawaru_gym_becter, uniq_menkaure,
          uniq_edmund, uniq_natasha, uniq_blork_the_orc
D:5:      layout_loops_ring, nicolae_wu_jian_wuxing_cycle,
          kennysheep_little_box, minmay_temple_entry_offerings, uniq_eustachio
D:6:      lemuel_slime, layout_rooms, nicolae_dithmenos_shadow_blocks,
          uniq_prince_ribbit1, uniq_maggie
D:7:      layout_loops_corners, nicolae_shop_self_help
D:8:      layout_loops_ring, lemuel_round_altar, minitemple,
          nicolae_benzene_ring
D:9:      layout_layer_cave, makhleb_altar_promises_db, david_lair_generic,
          kennysheep_generic_room_12, uniq_erica
D:10:     layout_roguey, mainiacjoe_overflow_cross_hatched, orc_david_3,
          minmay_tree_intersection, chequers_serial_rivers_small_b
D:11:     layout_loops_ring, enter_trove_1, minmay_misc_feat_tiny
D:12:     layout_roguey, serial_shops, bzr_entry_gold, shop,
          kennysheep_slug_shrine, uniq_fannar
D:13:     layout_rooms, gammafunk_ghost_wrathful_warriors
D:14:     layout_roguey, hangedman_vaults_entry_quadrant_bands, serial_shops,
          shop_fountains, lemuel_doored_altar, chequers_serial_rivers_large_a,
          uniq_louise
D:15:     gammafunk_enter_depths_forms, layout_cave_pools,
          lemuel_blue_sif_altar, fiery_altar_vehumet, uniq_agnes
Temple:   hellmonk_temple_of_storms
Lair:1:   layout_chaotic_city
Lair:2:   layout_regular_city, nicolae_swamp_entry_splash_gauntlet,
          grunt_megastairs_3
Lair:3:   layout_regular_city, spider_nest_entry_rubble,
          small_statue_intersection, st_stairs_11, serial_bayou_shore_b,
          serial_bayou_shore_a
Lair:4:   layout_cave_pods, beast_lair_carwin_10
Lair:5:   evilmike_catoblepas_cave, layout_hall_layers, slime_entry_1,
          basic_altar
Orc:1:    layout_caves
Orc:2:    st_orc_congregation, layout_diamond_mine, serial_shops, shop,
          basic_altar, mines2_david, uniq_josephine
Elf:1:    layout_loops_corners, portal_ice_cave_entry_ice_statue_one,
          ploomutoo_gammafunk_ghost_potion_laboratory, evilmike_minifort,
          palyth_stone_intersect, dreamdust_princess_corridor,
          grunt_ministairs_4

Skill      XL: |  1  2  3  4  5  6  7  8  9 10 11 12 13 14 15 16 |
---------------+-------------------------------------------------+-----
Spellcasting   | 1 2 3 4 5 6 8 9 10 11 12 | 12.4
Evocations     | 1 2 3 |  3.0
Ranged Weapons | 1 2 3 5 |  5.0
Conjurations   | 1 2 3 4 6 7 8 9 10 | 10.7
Poison Magic   | 3 6 7 |  7.0
Air Magic      | 3 5 6 |  6.3
Translocations | 2 5 9 11 | 11.9
Fighting       | 4 6 8 9 10 | 10.0
Stealth        | 8 9 |  9.0
Earth Magic    | 5 6 |  6.0
Fire Magic     | 3 4 5 |  5.2
Necromancy     | 1 4 5 |  5.9
Shields        | 5 6 |  6.9
Ice Magic      | 3 4 |  4.3
Transmutations | 2 3 |  3.0
Dodging        | 2 |  2.1
Armour         | 1 |  1.0
Maces & Flails | |  2.0

Action                     |  1- 3 |  4- 6 |  7- 9 | 10-12 | 13-15 | 16-18 || total
---------------------------+-------+-------+-------+-------+-------+-------++-------
  Melee: Mace              |     5 |       |    31 |       |       |       ||    36
         Spear             |    30 |     4 |       |       |       |       ||    34
         Dagger            |       |    66 |   164 |   164 |   104 |     7 ||   505
         Punch             |       |     1 |     4 |     5 |     3 |       ||    13
         Long sword        |       |       |       |    11 |       |       ||    11
         Flail             |       |       |       |    10 |    17 |       ||    27
         Lajatang          |       |       |       |       |     2 |       ||     2
   Fire: Sling             |       |   137 |   223 |    39 |   234 |       ||   633
         Shortbow          |       |       |       |    95 |     5 |       ||   100
         Longbow           |       |       |       |       |    64 |    81 ||   145
  Throw: Javelin           |     8 |     2 |     7 |       |       |       ||    17
   Cast: Poisonous Vapours |       |       |     4 |     4 |     3 |       ||    11
         Kiss of Death     |       |       |     4 |     7 |       |       ||    11
         Olgreb's Toxic Ra |       |       |       |   191 |   238 |    19 ||   448
         Passage of Golubr |       |       |       |    24 |    16 |    10 ||    50
         Stone Arrow       |       |       |       |    18 |   123 |    23 ||   164
         Freezing Cloud    |       |       |       |       |   119 |    34 ||   153
         Scorch            |       |       |       |       |     3 |    59 ||    62
         Sublimation of Bl |       |       |       |       |     3 |     3 ||     6
         Mephitic Cloud    |       |       |       |       |       |    28 ||    28
         Ignite Poison     |       |       |       |       |       |    25 ||    25
         Conjure Ball Ligh |       |       |       |       |       |     2 ||     2
Ability: Dig               |     1 |     3 |     2 |       |     2 |       ||     8
         Shaft Self        |       |     2 |     5 |     6 |     1 |       ||    14
  Evoke: Wand              |       |       |     5 |     4 |     1 |     4 ||    14
    Use: Scroll            |       |     4 |    17 |    11 |     7 |     1 ||    40
         Potion            |       |       |     7 |     8 |     2 |     6 ||    23
   Stab: Distracted        |     1 |       |       |       |       |       ||     1
         Sleeping          |     3 |     3 |       |     2 |     5 |       ||    13
         Invisible         |       |       |       |     1 |       |       ||     1
 Armour: Leather armour    |     4 |    24 |    82 |    64 |       |       ||   174
         Skin              |       |       |    21 |    31 |    54 |       ||   106
         Ring mail         |       |       |       |    50 |   202 |       ||   252
         Robe              |       |       |       |       |       |     7 ||     7
  Dodge: Dodged            |    17 |    71 |   187 |   193 |   195 |    31 ||   694
  Block: Buckler           |       |       |       |       |    51 |    14 ||    65

Table legend: (Time is in decaauts)
 A = Elapsed time spent in this place.
 B = Non-inter-level travel time spent in this place.
 C = Inter-level travel time spent in this place.
 D = Time resting spent in this place.
 E = Time spent auto-exploring this place.
 F = Levels seen in this place.
 G = Mean time per level.
                   A        B        C        D        E       F      G
               +--------+--------+--------+--------+--------+-----+--------+
         Total |  42320 |  39366 |   2954 |  16400 |   7527 |  26 | 1627.7 |
       Dungeon |  22520 |  20526 |   1994 |   7220 |   4476 |  15 | 1501.3 |
        Temple |    116 |    101 |     15 |     51 |     29 |   1 |  116.0 |
          Lair |  14102 |  13413 |    689 |   6523 |   2135 |   5 | 2820.4 |
  Orcish Mines |   3507 |   3252 |    255 |   1472 |    887 |   2 | 1753.5 |
   Elven Halls |    200 |    200 |      0 |    138 |      0 |   1 |  200.0 |
        Bazaar |    165 |    165 |      0 |     18 |      0 |   1 |  165.0 |
      Ice Cave |   1707 |   1707 |      0 |    977 |      0 |   1 | 1707.0 |
               +--------+--------+--------+--------+--------+-----+--------+

Top non-repeatable levels by time:
  Lair:5: 3950 daAuts
  Lair:4: 3587 daAuts
    D:12: 2823 daAuts
   Orc:2: 2778 daAuts
  Lair:2: 2651 daAuts
     D:9: 2420 daAuts
  Lair:3: 2203 daAuts
     D:7: 2152 daAuts
     D:8: 1927 daAuts
     D:4: 1725 daAuts
  Lair:1: 1709 daAuts
   IceCv: 1707 daAuts
     D:3: 1549 daAuts
     D:6: 1495 daAuts
     D:5: 1476 daAuts
